 Dungeon Crawl Stone Soup version 0.27-a0-1060-gcb85b5eba1 (webtiles) character file.

Game seed: 4178320360156131771

3406 porpoise the Skirmisher (level 10, -9/75 HPs)
             Began as a Djinni Venom Mage on Apr 22, 2021.
             Was an Initiate of Makhleb.
             Mangled by a boulder beetle (12 damage)
             ... on level 7 of the Dungeon.
             The game lasted 00:28:01 (10216 turns).

porpoise the Skirmisher (Djinni Venom Mage)        Turns: 10216, Time: 00:28:01

Health: -9/75      AC:  6    Str:  7    XL:     10   Next: 4%
Gold:   255        EV: 15    Int: 20    God:    Makhleb [......] SH:  0 Dex: 20

rFire    + + .     SeeInvis .   b - +1 hunting sling
rCold    x . .     Faith    .   (no shield)
rNeg     . . .     Spirit   .   c - +0 robe
rPois    ∞         Reflect  .   (no helmet)
rElec    .         Harm     .   (no cloak)
rCorr    .         Rampage  .   (no gloves)
Will     +....                  (boots unavailable)
Stlth    +++.......             (no amulet)
HPRegen  0.22/turn              f - +4 ring of protection
MPRegen  0.00/turn              z - +6 ring of dexterity

@: radiating poison, flying
A: fire resistance 2, cold vulnerability 1, float, innate caster, hp casting,
extra vitality 1
a: Renounce Religion


You were on level 7 of the Dungeon.
You worshipped Makhleb.
Makhleb was noncommittal.
You visited 2 branches of the dungeon, and saw 8 of its levels.

You collected 255 gold pieces.

Inventory:

Hand Weapons
 a - a +5 spear
 b - a +1 hunting sling (weapon)
 H - a +0 long sword of flaming
Missiles
 d - 50 arrows
 e - 29 poisoned darts
 j - 94 bolts
 m - 105 stones
 n - 38 sling bullets (quivered ammo)
Armour
 c - a +0 robe (worn)
Magical Staves
 w - a staff of air
Jewellery
 f - a +4 ring of protection (left hand)
 y - a ring of protection from fire
 z - a +6 ring of dexterity (right hand)
 B - a +6 ring of strength
Wands
 F - a wand of flame (47)
 G - a wand of digging (3)
Scrolls
 g - 2 scrolls of identify
 h - a scroll of holy word {unknown}
 l - 2 scrolls of noise
 p - 2 scrolls of magic mapping
 r - a scroll of teleportation {unknown}
 s - a scroll of blinking
 t - a scroll of immolation
 u - 2 scrolls of fog
 A - a scroll of vulnerability {unknown}
 D - a scroll of brand weapon {unknown}
 E - a scroll of enchant weapon
Potions
 i - a potion of might
 k - 3 potions of curing
 o - a potion of mutation
 q - a potion of attraction
 v - a potion of heal wounds
 x - 2 potions of brilliance
 C - a potion of resistance {unknown}


   Skills:
 + Level 7.4 Fighting
 - Level 5.0 Dodging
 - Level 5.0 Stealth
 - Level 7.0 Spellcasting
 + Level 2.3 Invocations
 - Level 5.0 Evocations


You had one spell level left.
You knew the following spells:

 Your Spells              Type           Power      Damage    Failure   Level
a - Magic Dart            Conj           100%       1d8       1%          1
f - Inner Flame           Hex/Fire       35%        N/A       1%          3
i - Ignite Poison         Fire/Tmut/Pois 35%        N/A       1%          3
l - Slow                  Hex            35%        N/A       1%          2
m - Mephitic Cloud        Conj/Pois/Air  35%        N/A       1%          3
o - Olgreb's Toxic Radia  Pois           35%        N/A       5%          4
s - Sting                 Tmut/Pois      100%       1d8       1%          1
v - Poisonous Vapours     Pois/Air       70%        N/A       1%          2
w - Swiftness             Air            35%        N/A       1%          3
Your spell library was empty.

Dungeon Overview and Level Annotations

Branches:
Dungeon (7/15)             Temple (1/1) D:7

Altars:
Ashenzari
Cheibriados
Fedhas
Gozag
Hepliaklqana
Makhleb
Qazlal
Ru
Sif Muna
Trog
Vehumet
Wu Jian
Yredelemnul
Zin
The Shining One


Innate Abilities, Weirdness & Mutations

You are immune to poison.
Your flesh is very heat resistant. (rF++)
You are vulnerable to cold. (rC-)
You float through the air rather than walking.
You learn spells naturally, not from books.
Your magical power is your life essence.
You have superior vitality. (+4 HP)


Message History

You need to enable at least one skill for training.
Your Invocations skill gained 2 levels and is now at level 2!
You have reached level 10!
Okay, then.
Unknown command.
Unknown command.
Casting: Ignite Poison (safe; 1% risk of failure)
Confirm with . or Enter, or press ? or * to list all spells.
You ignite the poison in your surroundings!
The boulder beetle seems to burn from within!
The boulder beetle is heavily wounded.
* * * LOW HITPOINT WARNING * * *
You feel much better.
Casting: Ignite Poison (safe; 1% risk of failure)
Confirm with . or Enter, or press ? or * to list all spells.
You begin to radiate toxic energy.
The boulder beetle is poisoned.
The boulder beetle bites you!!
* * * LOW HITPOINT WARNING * * *
Casting: Olgreb's Toxic Radiance (dangerous; 5% risk of failure)
Confirm with . or Enter, or press ? or * to list all spells.
You ignite the poison in your surroundings!
The boulder beetle seems to burn from within!
The boulder beetle is severely wounded.
* * * LOW HITPOINT WARNING * * *
The boulder beetle is poisoned.
Your toxic aura wanes.
The boulder beetle bites you but does no damage.
Casting: Ignite Poison (safe; 1% risk of failure)
Confirm with . or Enter, or press ? or * to list all spells.
You ignite the poison in your surroundings!
The boulder beetle seems to burn from within!
The boulder beetle is almost dead.
* * * LOW HITPOINT WARNING * * *
The boulder beetle barely misses you.
Casting: Ignite Poison (safe; 1% risk of failure)
Confirm with . or Enter, or press ? or * to list all spells.
You begin to radiate toxic energy.
The boulder beetle is poisoned.
* * * LOW HITPOINT WARNING * * *
The boulder beetle looks even sicker.
The boulder beetle bites you!
You die...

##### #...#...♣
########## #...#.♣♣♣♣#
.........# #...#.....#
.........# #...#♣♣♣♣.#
.........###...#.....#
..........##...#@♣♣♣♣#
......♣.♣..#...#.B)..♣
......)>...#.....♣♣♣...♣
......♣.♣......#.....♣♣.
.......)..##.).#.♣♣♣♣#
.........###...#..
.........# #...#♣♣♣
.........# #...#
.........# #...#


You could see a boulder beetle (very poisoned).

Vanquished Creatures
  A death knight (D:7)
  A wyvern (D:7)
  A steam dragon (D:7)
  Menkaure (D:6)
  Duvessa (D:6)
  2 orc warriors
  5 sky beasts
  2 centaurs
  2 ogres (D:6)
  A phantom (D:6)
  A bullfrog (D:7)
  2 scorpions (D:6)
  A water moccasin zombie (D:6)
  A water moccasin skeleton (D:5)
  Dowan (D:6)
  5 wights (D:7)
  2 centaur skeletons
  2 hounds
  A gnoll shaman (D:4)
  2 jellies (D:6)
  4 iguanas
  2 orc wizards
  2 killer bee zombies
  2 hound skeletons
  7 gnolls
  5 adders
  2 howler monkey skeletons
  A white imp (D:7)
  An ufetubus (D:5)
  A worm (D:2)
  A dart slug (D:1)
  11 orcs
  A ball python (D:2)
  3 endoplasms
  2 giant cockroaches
  10 goblins
  5 hobgoblins
  13 jackals
  2 quokkas
  3 bats (D:2)
  7 frilled lizards
  9 kobolds
  9 rats
138 creatures vanquished.

Vanquished Creatures (others)
  A withered plant (D:1)
1 creature vanquished.

Grand Total: 139 creatures vanquished

Notes
Turn   | Place    | Note
-------+----------+-------------------------------------------
     0 | D:1      | porpoise the Djinni Venom Mage began the quest for the Orb.
     0 | D:1      | Reached XP level 1. HP: 15/15 MP: 0/0
   695 | D:1      | Reached skill level 1 in Fighting
   695 | D:1      | Reached XP level 2. HP: 21/22 MP: 0/0
  1549 | D:1      | Found a faded altar of an unknown god.
  1555 | D:1      | Reached XP level 3. HP: 21/27 MP: 0/0
  1555 | D:1      | Learned a level 1 spell: Magic Dart
  3106 | D:2      | Reached XP level 4. HP: 34/34 MP: 0/0
  4062 | D:3      | Found a glowing silver altar of Zin.
  4529 | D:4      | Reached XP level 5. HP: 25/40 MP: 0/0
  4529 | D:4      | Learned a level 2 spell: Slow
  5561 | D:5      | Entered Level 5 of the Dungeon
  5568 | D:4      | HP: 1/40 [gnoll/+0 spear (5)]
  5797 | D:4      | Reached XP level 6. HP: 38/47 MP: 0/0
  6293 | D:5      | Reached skill level 5 in Spellcasting
  6293 | D:5      | Reached XP level 7. HP: 36/53 MP: 0/0
  6293 | D:5      | Learned a level 3 spell: Swiftness
  6588 | D:5      | Reached skill level 5 in Fighting
  6976 | D:5      | Found a broken altar of Ashenzari.
  6985 | D:5      | Found an opulent altar of Gozag.
  6990 | D:5      | Found a blossoming altar of Fedhas.
  7413 | D:6      | Noticed Menkaure
  7416 | D:6      | Killed Menkaure
  7481 | D:6      | Reached XP level 8. HP: 42/61 MP: 0/0
  7902 | D:6      | Found a snail-covered altar of Cheibriados.
  8076 | D:6      | Found a stormy altar of Qazlal.
  8609 | D:6      | Noticed Duvessa
  8609 | D:6      | Noticed Dowan
  8611 | D:6      | Killed Dowan
  8614 | D:6      | Killed Duvessa
  8615 | D:6      | Reached XP level 9. HP: 21/68 MP: 0/0
  8615 | D:6      | Learned a level 3 spell: Inner Flame
  9163 | D:7      | Reached skill level 5 in Dodging
  9486 | D:7      | Reached skill level 1 in Evocations
  9529 | D:7      | Found a staircase to the Ecumenical Temple.
  9538 | Temple   | Entered the Ecumenical Temple
  9719 | Temple   | Became a worshipper of Makhleb the Destroyer
 10176 | D:7      | Noticed a boulder beetle
 10202 | D:7      | Noticed a death knight
 10210 | D:7      | Killed a death knight
 10211 | D:7      | Reached skill level 5 in Stealth
 10211 | D:7      | Reached skill level 5 in Evocations
 10211 | D:7      | Reached XP level 10. HP: 17/75 MP: 0/0
 10216 | D:7      | Mangled by a boulder beetle

Illustrated notes

Levels and vault maps discovered:
D:1:      lemuel_arrival_tunnels, layout_basic,
          ebering_ecumenical_altar_petrified
D:2:      layout_basic, minmay_hedge_maze
D:3:      layout_basic, zin_treasury
D:4:      layout_basic, serial_glass, glass_columns_c, glass_columns_a,
          glass_columns_b, glass_columns_a, glass_columns_a, glass_columns_b,
          glass_columns_a, glass_columns_c, glass_columns_c, glass_columns_c,
          glass_columns_c, glass_columns_a, glass_columns_b, glass_columns_c,
          minmay_fractal_squares_gapless_5
D:5:      layout_loops_ring, minitemple, kennysheep_generic_room_11
D:6:      layout_loops_cross, kennysheep_little_box, overflow_temple_1_default,
          uniq_menkaure, uniq_duvessa
D:7:      nzn_winding_woodlands_stair_cross [nzn_winding_woodlands_5x15_pockets,
          nzn_winding_woodlands_center_pierced_h,
          nzn_winding_woodlands_5x15_eye, nzn_winding_woodlands_5x5_closed_star,
          nzn_winding_woodlands_hourglass,
          nzn_winding_woodlands_5x15_concentric,
          nzn_winding_woodlands_center_diamonds,
          nzn_winding_woodlands_5x15_sidewinder], layout_basic,
          minmay_temple_entry_trees
Temple:   minmay_temple_curvy_branch

Skill      XL: |  1  2  3  4  5  6  7  8  9 |
---------------+----------------------------+-----
Fighting       | 1 2 3 4 6 7 |  7.4
Spellcasting   | 3 4 5 7 |  7.0
Dodging        | 4 5 |  5.0
Stealth        | 2 5 |  5.0
Evocations     | 5 |  5.0
Invocations    | 2 |  2.3

Action                   |  1- 3 |  4- 6 |  7- 9 | 10-12 || total
-------------------------+-------+-------+-------+-------++-------
Melee: Short sword       |    16 |       |       |       ||    16
       Long sword        |       |       |    23 |       ||    23
 Fire: Hunting sling     |     4 |    15 |    18 |       ||    37
 Cast: Sting             |    34 |       |       |       ||    34
       Poisonous Vapours |     8 |    29 |    11 |       ||    48
       Magic Dart        |    47 |    67 |    31 |       ||   145
       Ignite Poison     |     1 |    13 |    41 |     3 ||    58
       Mephitic Cloud    |       |       |     6 |       ||     6
       Olgreb's Toxic Ra |       |       |    19 |     2 ||    21
       Slow              |       |       |     1 |       ||     1
       Inner Flame       |       |       |     2 |       ||     2
  Use: Potion            |       |     1 |       |     1 ||     2
       Scroll            |       |       |    13 |       ||    13
Armor: Robe              |    14 |     7 |    10 |     1 ||    32
Dodge: Dodged            |    17 |    32 |    33 |     1 ||    83
       Rpst.: Long sword |       |       |     2 |       ||     2

Table legend: (Time is in decaauts)
 A = Elapsed time spent in this place.
 B = Non-inter-level travel time spent in this place.
 C = Inter-level travel time spent in this place.
 D = Time resting spent in this place.
 E = Time spent auto-exploring this place.
 F = Levels seen in this place.
 G = Mean time per level.
                   A        B        C        D        E       F      G
               +--------+--------+--------+--------+--------+-----+--------+
         Total |  10224 |   9981 |    243 |   4916 |   4278 |   8 | 1278.0 |
       Dungeon |  10017 |   9799 |    218 |   4916 |   4102 |   7 | 1431.0 |
        Temple |    206 |    181 |     25 |      0 |    176 |   1 |  206.0 |
               +--------+--------+--------+--------+--------+-----+--------+

Top non-repeatable levels by time:
     D:1: 2008 daAuts
     D:4: 1638 daAuts
     D:6: 1612 daAuts
     D:5: 1601 daAuts
     D:2: 1234 daAuts
     D:3: 981 daAuts
     D:7: 940 daAuts
  Temple: 206 daAuts
